Quebec Nordiques vs Hartford Whalers

Created - Friday, December 5, 2025 at 08:59

Goals
1 2 3 T
Quebec Nordiques 2 0 0 2
Hartford Whalers 0 2 2 4
Shots
1 2 3 T
Quebec Nordiques 7 11 9 27
Hartford Whalers 26 8 7 41

1st period

1. Quebec Nordiques , Connor McDavid 3 (Matt Duchene 7) at 14:31
2. Quebec Nordiques , Nikolaj Ehlers 2 (Jake Middleton 3, Marco Rossi 3) at 15:32

Penalties :
Anders Lee (HFD) for Interference (Minor) at 4:02

2nd period

3. Hartford Whalers , Nick Suzuki 4 (Dylan Guenther 5, Sidney Crosby 6) at 13:37 (PP)
4. Hartford Whalers , Joshua Norris 4 (Anders Lee 3, Seth Jones 2) at 15:19

Penalties :
Alex Vlasic (QUE) for Tripping (Minor) at 11:59

3rd period

5. Hartford Whalers , Matthew Coronato 1 (Jonathan Drouin 3, Simon Edvinsson 3) at 10:10
6. Hartford Whalers , Anders Lee 3 (Joshua Norris 3, Anthony Cirelli 3) at 19:56 (Empty Net)

Penalties :
Matthew Coronato (HFD) for Holding (Minor) at 7:25, Brock Faber (QUE) for High sticking (Minor) at 19:59

Goalie Stats

Joseph Woll (QUE), 37 saves from 40 shots - (0.925), L, 6-3-1, 59:46 minutes
Samuel Montembeault (HFD), 25 saves from 27 shots - (0.926), W, 6-1-1, 60:00 minutes

Players Stats for Quebec Nordiques

Player Name              G  A  P  +/- PIM S  H  SB GA TA FO     MP     PP MP  PK MP  
------------------------------------------------------------------------------------
Alex DeBrincat           0  0  0  -1  0   1  0  2  0  0  0/0    19:11   2:15   0:00 
Alex Vlasic              0  0  0  -2  2   1  2  2  0  0  0/0    24:51   1:31   0:00 
Alexandre Carrier        0  0  0   0  0   1  0  0  0  0  0/0    15:10   0:00   0:00 
Brock Faber              0  0  0  -2  2   2  1  3  0  0  0/0    19:51   0:00   1:38 
Connor McDavid           1  0  1  -1  0   2  2  0  1  0  8/19   19:11   2:15   0:00 
Frederick Gaudreau       0  0  0   0  0   2  0  1  1  0  0/0    10:22   0:00   1:38 
Jake Middleton           0  1  1   0  0   1  2  0  0  0  0/0    15:10   0:00   0:00 
Marco Rossi              0  1  1   0  0   2  0  0  2  0  9/15   14:35   0:00   0:00 
Matt Duchene             0  1  1  -1  0   0  1  0  0  0  2/3    18:21   2:27   0:00 
Matthew Knies            0  0  0   0  0   1  0  0  0  0  1/1    16:10   1:43   0:00 
Michael Anderson         0  0  0   1  0   1  1  6  0  2  0/0    17:28   0:00   1:38 
Michael McCarron         0  0  0   0  0   3  2  0  0  0  0/0     8:44   0:00   0:00 
Nikolaj Ehlers           1  0  1   0  0   2  1  1  1  0  0/2    16:10   1:43   0:00 
Patrick Kane             0  0  0   0  0   3  0  0  0  0  0/0    16:53   1:31   0:00 
Rickard Rakell           0  0  0   0  0   3  1  0  0  0  0/0    17:26   2:15   0:00 
Shane Pinto              0  0  0   0  0   1  0  1  0  0  3/5    10:22   0:00   1:38 
Steven Stamkos           0  0  0   0  0   1  1  0  0  2  4/10   16:03   1:43   0:00 
Thomas Harley            0  0  0   1  0   0  0  1  0  2  0/0    22:22   2:27   0:00 

Players Stats for Hartford Whalers

Player Name              G  A  P  +/- PIM S  H  SB GA TA FO     MP     PP MP  PK MP  
------------------------------------------------------------------------------------
Anders Lee               1  1  2   2  2   5  2  1  0  1  1/2    17:33   0:00   1:04 
Anthony Cirelli          0  1  1  -1  0   2  1  0  0  1  1/1    19:47   0:00   1:55 
Braden Schneider         0  0  0   0  0   2  0  3  0  0  0/0    21:29   0:00   1:54 
Devon Toews              0  0  0   0  0   2  0  0  0  0  0/0    19:35   0:00   0:00 
Dylan Guenther           0  1  1  -2  0   1  0  3  0  1  0/0    17:33   1:38   0:17 
Jonathan Drouin          0  1  1   1  0   2  0  0  0  0  0/0     8:26   0:00   0:00 
Jordan Kyrou             0  0  0   0  0   2  2  0  1  0  0/0    13:50   0:00   0:00 
Joshua Norris            1  1  2   2  0   7  2  0  1  0  11/20  18:17   0:00   1:47 
Kaapo Kakko              0  0  0   1  0   2  0  0  0  0  0/0     8:26   0:00   0:00 
Kaiden Guhle             0  0  0   1  0   0  1  1  0  0  0/0    19:01   1:38   1:54 
Matthew Coronato         1  0  1   1  2   2  0  0  0  0  2/3     8:25   0:00   0:00 
Nick Suzuki              1  0  1  -2  0   4  2  1  2  0  3/10   19:19   1:38   2:03 
Pierre-Luc Dubois        0  0  0   0  0   3  1  0  1  1  1/1    14:40   0:00   0:50 
Seth Jones               0  1  1   0  0   1  0  0  0  1  0/0    21:24   0:00   2:04 
Sidney Crosby            0  1  1   0  0   4  0  1  0  0  8/17   15:28   1:38   0:00 
Simon Edvinsson          0  1  1   1  0   1  0  1  0  0  0/0    17:07   1:38   0:00 
Tyson Foerster           0  0  0   1  0   0  1  1  1  0  1/1    14:16   0:00   0:00 
Vladislav Gavrikov       0  0  0   0  0   1  0  1  0  0  0/0    21:24   0:00   2:04 

3 Stars

1 - Joshua Norris (HFD)
2 - Anders Lee (HFD)
3 - Matthew Coronato (HFD)

Power Play

Quebec Nordiques - 0 on 2 Attempt(s) - 0.00%
Hartford Whalers - 1 on 2 Attempt(s) - 50.00%

Penalty Kill

Quebec Nordiques - 1 on 2 Attempt(s) - 50.00% - Score 0 goal in Penalty Kill
Hartford Whalers - 2 on 2 Attempt(s) - 100.00% - Score 0 goal in Penalty Kill

Team Stat

Quebec Nordiques - Hits : 14 - Faceoff Wins : 27 - Blocked Shots : 17 - Penalty Minutes : 4
Hartford Whalers - Hits : 12 - Faceoff Wins : 28 - Blocked Shots : 13 - Penalty Minutes : 4

Official

Referees : Ghislain Hebert and Brandon Schrader
Linesman : CJ Murray and Ben O'Quinn

Game Notes

Anders Lee has scored in a empty net!

Finance

Level 1 -- Attendance: 6000 (100.00%) -- Ticket Income $510,000
Level 2 -- Attendance: 5000 (100.00%) -- Ticket Income $275,000
Level 3 -- Attendance: 3000 (100.00%) -- Ticket Income $90,000
Level 4 -- Attendance: 5000 (100.00%) -- Ticket Income $100,000
Luxury Box -- Attendance: 1000 (100.00%) -- Ticket Income $190,000
Game was played at the Hartford Civic Center.
Total Attendance: 20000 (100.00%)
Total Ticket Income: $1,165,000
Other Income: $407,750
Total Income: $1,572,750

Quebec Nordiques

5 vs 5 Forward 
   Center                   Left Wing                Right Wing               Time % Phy DF OF 
 1 Connor McDavid           Alex DeBrincat           Matt Duchene             32     1   1  3  
 2 Steven Stamkos           Patrick Kane             Rickard Rakell           30     1   1  3  
 3 Marco Rossi              Matthew Knies            Nikolaj Ehlers           28     1   1  3  
 4 Shane Pinto              Frederick Gaudreau       Michael McCarron         10     1   3  1  

5 vs 5 Defense 
   Defense                  Defense                                           Time % Phy DF OF 
 1 Alex Vlasic              Brock Faber                                       35     1   3  1  
 2 Thomas Harley            Michael Anderson                                  30     1   3  1  
 3 Jake Middleton           Alexandre Carrier                                 25     1   3  1  
 4 Alex Vlasic              Thomas Harley                                     10     1   2  2  

PowerPlay Forward 
   Center                   Left Wing                Right Wing               Time % Phy DF OF 
 1 Connor McDavid           Alex DeBrincat           Rickard Rakell           60     1   2  2  
 2 Steven Stamkos           Matthew Knies            Nikolaj Ehlers           40     1   2  2  

PowerPlay Defense
   Defense                  Defense                                           Time % Phy DF OF 
 1 Matt Duchene             Thomas Harley                                     60     1   2  2  
 2 Patrick Kane             Alex Vlasic                                       40     1   2  2  

Penalty Kill 4 Players Forward 
   Center                   Wing                     Time % Phy DF OF 
 1 Shane Pinto              Frederick Gaudreau       60     1   3  1  
 2 Michael McCarron         Matthew Knies            40     1   3  1  

Penalty Kill 4 Players Defense
   Defense                  Defense                  Time % Phy DF OF 
 1 Alex Vlasic              Michael Anderson         60     1   3  1  
 2 Alexandre Carrier        Jake Middleton           40     1   3  1  

Penalty Kill - 3 Players Forward 
   Forward                                           Time % Phy DF OF 
 1 Shane Pinto                                       60     1   3  1  
 2 Michael McCarron                                  40     1   3  1  

Penalty Kill - 3 Players Defense
   Defense                  Defense                  Time % Phy DF OF 
 1 Alex Vlasic              Michael Anderson         60     2   3  0  
 2 Alexandre Carrier        Jake Middleton           40     2   3  0  

4 vs 4 Forward 
   Center                   Wing                     Time % Phy DF OF 
 1 Connor McDavid           Alex DeBrincat           60     1   1  3  
 2 Matt Duchene             Steven Stamkos           40     1   1  3  

4 vs 4 Defense
   Defense                  Defense                  Time % Phy DF OF 
 1 Alex Vlasic              Brock Faber              60     1   3  1  
 2 Thomas Harley            Michael Anderson         40     1   3  1  

Last Minutes Offensive
   Center                   Left Wing                Right Wing               Defense                  Defense                  
   Connor McDavid           Alex DeBrincat           Matt Duchene             Thomas Harley            Brock Faber              

Last Minutes Defensive
   Center                   Left Wing                Right Wing               Defense                  Defense                  
   Shane Pinto              Frederick Gaudreau       Michael McCarron         Alex Vlasic              Michael Anderson         

Goaltenders
Starting : Joseph Woll              
Backup : Lukas Dostal             

Extra Forwards
Normal : Marco Rossi, Nikolaj Ehlers, Matthew Knies - PP : Marco Rossi, Shane Pinto - PK : Matt Duchene
Extra Defensemen
Normal : Alex Vlasic, Jake Middleton, Alexandre Carrier - PP : Alexandre Carrier - PK : Brock Faber, Thomas Harley
Penalty Shots
Alex DeBrincat, Connor McDavid, Matt Duchene, Patrick Kane, Rickard Rakell

Scratches
Calvin de Haan (Healthy), Connor Brown (Healthy)

Hartford Whalers

5 vs 5 Forward 
   Center                   Left Wing                Right Wing               Time % Phy DF OF 
 1 Nick Suzuki              Dylan Guenther           Anthony Cirelli          33     0   2  3  
 2 Sidney Crosby            Pierre-Luc Dubois        Jordan Kyrou             32     0   2  3  
 3 Joshua Norris            Anders Lee               Tyson Foerster           30     0   2  3  
 4 Matthew Coronato         Jonathan Drouin          Kaapo Kakko              5      0   3  2  

5 vs 5 Defense 
   Defense                  Defense                                           Time % Phy DF OF 
 1 Vladislav Gavrikov       Seth Jones                                        35     0   3  2  
 2 Devon Toews              Braden Schneider                                  35     0   3  2  
 3 Kaiden Guhle             Simon Edvinsson                                   30     0   4  1  
 4 Simon Edvinsson          Seth Jones                                        0      2   2  1  

PowerPlay Forward 
   Center                   Left Wing                Right Wing               Time % Phy DF OF 
 1 Sidney Crosby            Dylan Guenther           Nick Suzuki              50     0   1  4  
 2 Joshua Norris            Pierre-Luc Dubois        Jordan Kyrou             50     2   1  2  

PowerPlay Defense
   Defense                  Defense                                           Time % Phy DF OF 
 1 Devon Toews              Seth Jones                                        50     0   2  3  
 2 Simon Edvinsson          Kaiden Guhle                                      50     0   2  3  

Penalty Kill 4 Players Forward 
   Center                   Wing                     Time % Phy DF OF 
 1 Nick Suzuki              Anders Lee               50     0   5  0  
 2 Joshua Norris            Anthony Cirelli          50     0   5  0  

Penalty Kill 4 Players Defense
   Defense                  Defense                  Time % Phy DF OF 
 1 Vladislav Gavrikov       Seth Jones               50     1   4  0  
 2 Kaiden Guhle             Braden Schneider         50     1   4  0  

Penalty Kill - 3 Players Forward 
   Forward                                           Time % Phy DF OF 
 1 Joshua Norris                                     50     0   5  0  
 2 Anthony Cirelli                                   50     0   5  0  

Penalty Kill - 3 Players Defense
   Defense                  Defense                  Time % Phy DF OF 
 1 Vladislav Gavrikov       Seth Jones               50     1   4  0  
 2 Kaiden Guhle             Braden Schneider         50     1   4  0  

4 vs 4 Forward 
   Center                   Wing                     Time % Phy DF OF 
 1 Sidney Crosby            Nick Suzuki              50     0   1  4  
 2 Joshua Norris            Jordan Kyrou             50     0   2  3  

4 vs 4 Defense
   Defense                  Defense                  Time % Phy DF OF 
 1 Devon Toews              Seth Jones               50     0   2  3  
 2 Vladislav Gavrikov       Braden Schneider         50     0   3  2  

Last Minutes Offensive
   Center                   Left Wing                Right Wing               Defense                  Defense                  
   Sidney Crosby            Dylan Guenther           Nick Suzuki              Joshua Norris            Braden Schneider         

Last Minutes Defensive
   Center                   Left Wing                Right Wing               Defense                  Defense                  
   Joshua Norris            Anthony Cirelli          Anders Lee               Vladislav Gavrikov       Seth Jones               

Goaltenders
Starting : Samuel Montembeault      
Backup : Spencer Knight           

Extra Forwards
Normal : Dylan Guenther, Anders Lee, Jonathan Drouin - PP : Sidney Crosby, Dylan Guenther - PK : Anders Lee
Extra Defensemen
Normal : Braden Schneider, Devon Toews, Vladislav Gavrikov - PP : Braden Schneider - PK : Kaiden Guhle, Vladislav Gavrikov
Penalty Shots
Nick Suzuki, Sidney Crosby, Pierre-Luc Dubois, Anthony Cirelli, Kaapo Kakko

Scratches
Chaz Lucius (Healthy), Filip Mesar (Healthy), Dylan Garand (Healthy)

% Time on Ice - Quebec Nordiques

Lines # - Real PCT - Wanted PCT - Time Play
Normal Forward
1 - 30% - 32% - 15:48
2 - 27% - 30% - 14:20
3 - 27% - 28% - 14:24
4 - 16% - 10% - 8:44
Normal Defense
1 - 34% - 35% - 17:53
2 - 30% - 30% - 16:11
3 - 28% - 25% - 15:10
4 - 8% - 10% - 4:02
PP Forward
1 - 57% - 60% - 2:15
2 - 43% - 40% - 1:43
PP Defense
1 - 62% - 60% - 2:27
2 - 38% - 40% - 1:31
PK Forward
1 - 100% - 60% - 1:38
2 - 0% - 40% - 0:00
PK Defense
1 - 100% - 60% - 1:38
2 - 0% - 40% - 0:00
PK3 Forward
1 - 0% - 60%
2 - 0% - 40%
PK3 Defense
1 - 0% - 60%
2 - 0% - 40%
44 Forward
1 - 0% - 60%
2 - 0% - 40%
44 Defense
1 - 0% - 60%
2 - 0% - 40%
Last Minute Offensive  - 1:08
Last Minute Defensive  - 0:00
Total
Forward - 60:00
Defense - 60:00

% Time on Ice - Hartford Whalers

Lines # - Real PCT - Wanted PCT - Time Play
Normal Forward
1 - 29% - 33% - 15:38
2 - 28% - 32% - 14:55
3 - 27% - 30% - 14:16
4 - 16% - 5% - 8:26
Normal Defense
1 - 36% - 35% - 19:20
2 - 35% - 35% - 18:26
3 - 29% - 30% - 15:29
4 - 0% - 0% - 0:00
PP Forward
1 - 100% - 50% - 1:38
2 - 0% - 50% - 0:00
PP Defense
1 - 0% - 50% - 0:00
2 - 100% - 50% - 1:38
PK Forward
1 - 55% - 50% - 2:11
2 - 45% - 50% - 1:47
PK Defense
1 - 52% - 50% - 2:04
2 - 48% - 50% - 1:54
PK3 Forward
1 - 0% - 50%
2 - 0% - 50%
PK3 Defense
1 - 0% - 50%
2 - 0% - 50%
44 Forward
1 - 0% - 50%
2 - 0% - 50%
44 Defense
1 - 0% - 50%
2 - 0% - 50%
Last Minute Offensive  - 0:00
Last Minute Defensive  - 1:09
Total
Forward - 60:00
Defense - 60:00

Play-by-Play

1st period


0:01 of 1st period - Matt Duchene wins face-off versus Nick Suzuki in neutral zone.
0:58 of 1st period - Wrist shot by Nikolaj Ehlers.
0:58 of 1st period - Shot Misses the Net.
1:10 of 1st period - Anders Lee is hit by Michael McCarron and loses puck.
1:31 of 1st period - Devon Toews is hit by Michael Anderson and loses puck.
2:01 of 1st period - Slapshot by Jordan Kyrou.
2:01 of 1st period - Shot Misses the Net.
2:03 of 1st period - Slapshot by Devon Toews.
2:03 of 1st period - Stopped by Joseph Woll with a rebound.
3:04 of 1st period - Alexandre Carrier is hit by Nick Suzuki and loses puck.
3:17 of 1st period - Wrist shot by Connor McDavid.
3:17 of 1st period - Shot Misses the Net.
3:19 of 1st period - Snap shot by Alex Vlasic.
3:19 of 1st period - Shot Blocked by Braden Schneider.
3:21 of 1st period - Backhand shot by Brock Faber.
3:21 of 1st period - Shot Misses the Net.
3:23 of 1st period - Slapshot by Brock Faber.
3:23 of 1st period - Deflect By Sidney Crosby.
3:23 of 1st period - Stopped by Samuel Montembeault without a rebound.
3:24 of 1st period - Sidney Crosby wins face-off versus Connor McDavid in Hartford Whalers zone.
4:02 of 1st period - Minor Penalty to Anders Lee for Interference.
4:03 of 1st period - Nick Suzuki wins face-off versus Connor McDavid in Hartford Whalers zone.
6:02 of 1st period - Penalty to Anders Lee is over, Anders Lee is back on ice.
6:09 of 1st period - Snap shot by Anders Lee.
6:09 of 1st period - Shot Blocked by Alex DeBrincat.
6:15 of 1st period - Wrist shot by Joshua Norris.
6:15 of 1st period - Stopped by Joseph Woll with a rebound.
6:34 of 1st period - Snap shot by Anders Lee.
6:34 of 1st period - Shot Misses the Net.
6:56 of 1st period - Snap shot by Anthony Cirelli.
6:56 of 1st period - Shot Misses the Net.
6:58 of 1st period - Snap shot by Anders Lee.
6:58 of 1st period - Shot Misses the Net.
7:00 of 1st period - Slapshot by Seth Jones.
7:00 of 1st period - Stopped by Joseph Woll with a rebound.
7:02 of 1st period - Wrist shot by Anthony Cirelli.
7:02 of 1st period - Stopped by Joseph Woll with a rebound.
7:06 of 1st period - Slapshot by Joshua Norris.
7:06 of 1st period - Deflect By Anders Lee.
7:06 of 1st period - Stopped by Joseph Woll without a rebound.
7:07 of 1st period - Pierre-Luc Dubois wins face-off versus Shane Pinto in Quebec Nordiques zone.
7:10 of 1st period - Wrist shot by Sidney Crosby.
7:10 of 1st period - Stopped by Joseph Woll with a rebound.
7:12 of 1st period - Wrist shot by Braden Schneider.
7:12 of 1st period - Deflect By Sidney Crosby.
7:12 of 1st period - Shot Misses the Net.
7:12 of 1st period - Puck is out of play.
7:13 of 1st period - Shane Pinto wins face-off versus Sidney Crosby in Quebec Nordiques zone.
7:22 of 1st period - Slapshot by Pierre-Luc Dubois.
7:22 of 1st period - Stopped by Joseph Woll without a rebound.
7:23 of 1st period - Marco Rossi wins face-off versus Sidney Crosby in Quebec Nordiques zone.
7:30 of 1st period - Pierre-Luc Dubois is hit by Jake Middleton.
7:40 of 1st period - Snap shot by Sidney Crosby.
7:40 of 1st period - Stopped by Joseph Woll with a rebound.
8:15 of 1st period - Off-side.
8:16 of 1st period - Joshua Norris wins face-off versus Nikolaj Ehlers in neutral zone.
8:40 of 1st period - Alex Vlasic is hit by Nick Suzuki and loses puck.
9:03 of 1st period - Slapshot by Jordan Kyrou.
9:03 of 1st period - Stopped by Joseph Woll without a rebound.
9:04 of 1st period - Matthew Coronato wins face-off versus Steven Stamkos in Quebec Nordiques zone.
9:05 of 1st period - Wrist shot by Jonathan Drouin.
9:05 of 1st period - Stopped by Joseph Woll with a rebound.
9:07 of 1st period - Slapshot by Braden Schneider.
9:07 of 1st period - Shot Blocked by Alex Vlasic.
9:09 of 1st period - Slapshot by Devon Toews.
9:09 of 1st period - Stopped by Joseph Woll with a rebound.
9:11 of 1st period - Backhand shot by Braden Schneider.
9:11 of 1st period - Shot Misses the Net.
9:13 of 1st period - Snap shot by Braden Schneider.
9:13 of 1st period - Stopped by Joseph Woll with a rebound.
9:15 of 1st period - Slapshot by Braden Schneider.
9:15 of 1st period - Shot Blocked by Brock Faber.
9:17 of 1st period - Snap shot by Kaapo Kakko.
9:17 of 1st period - Stopped by Joseph Woll with a rebound.
10:01 of 1st period - Michael McCarron is hit by Anthony Cirelli and loses puck.
10:20 of 1st period - Slapshot by Nick Suzuki.
10:20 of 1st period - Shot Blocked by Michael Anderson.
10:28 of 1st period - Snap shot by Nick Suzuki.
10:28 of 1st period - Stopped by Joseph Woll with a rebound.
10:32 of 1st period - Wrist shot by Anthony Cirelli.
10:32 of 1st period - Stopped by Joseph Woll with a rebound.
10:34 of 1st period - Snap shot by Braden Schneider.
10:34 of 1st period - Stopped by Joseph Woll with a rebound.
10:36 of 1st period - Snap shot by Devon Toews.
10:36 of 1st period - Deflect By Nick Suzuki.
10:36 of 1st period - Shot Blocked by Michael Anderson.
10:36 of 1st period - Puck is out of play.
10:37 of 1st period - Joshua Norris wins face-off versus Steven Stamkos in Quebec Nordiques zone.
10:44 of 1st period - Snap shot by Anders Lee.
10:44 of 1st period - Deflect By Joshua Norris.
10:44 of 1st period - Stopped by Joseph Woll without a rebound.
10:45 of 1st period - Steven Stamkos wins face-off versus Joshua Norris in Quebec Nordiques zone.
10:45 of 1st period - Steven Stamkos is hit by Anders Lee.
11:25 of 1st period - Wrist shot by Joshua Norris.
11:25 of 1st period - Deflect By Anders Lee.
11:25 of 1st period - Stopped by Joseph Woll without a rebound.
11:26 of 1st period - Connor McDavid wins face-off versus Sidney Crosby in Quebec Nordiques zone.
11:52 of 1st period - Matthew Coronato is hit by Jake Middleton and loses puck.
11:59 of 1st period - Snap shot by Jonathan Drouin.
11:59 of 1st period - Stopped by Joseph Woll with a rebound.
12:15 of 1st period - Slapshot by Dylan Guenther.
12:15 of 1st period - Shot Misses the Net.
12:43 of 1st period - Off-side.
12:44 of 1st period - Steven Stamkos wins face-off versus Sidney Crosby in neutral zone.
13:32 of 1st period - Brock Faber is hit by Tyson Foerster and loses puck.
13:39 of 1st period - Snap shot by Anders Lee.
13:39 of 1st period - Deflect By Joshua Norris.
13:39 of 1st period - Stopped by Joseph Woll with a rebound.
13:41 of 1st period - Snap shot by Joshua Norris.
13:41 of 1st period - Shot Blocked by Alex Vlasic.
13:51 of 1st period - Snap shot by Frederick Gaudreau.
13:51 of 1st period - Shot Misses the Net.
13:53 of 1st period - Slapshot by Brock Faber.
13:53 of 1st period - Shot Blocked by Simon Edvinsson.
13:55 of 1st period - Wrist shot by Michael McCarron.
13:55 of 1st period - Stopped by Samuel Montembeault with a rebound.
14:21 of 1st period - Slapshot by Jordan Kyrou.
14:21 of 1st period - Stopped by Joseph Woll without a rebound.
14:22 of 1st period - Nick Suzuki wins face-off versus Connor McDavid in Quebec Nordiques zone.
14:25 of 1st period - Slapshot by Dylan Guenther.
14:25 of 1st period - Stopped by Joseph Woll without a rebound.
14:26 of 1st period - Connor McDavid wins face-off versus Nick Suzuki in Quebec Nordiques zone.
14:31 of 1st period - Snap shot by Connor McDavid.
14:31 of 1st period - Goal by Connor McDavid - Quebec Nordiques : 1 - Hartford Whalers : 0.
14:32 of 1st period - Joshua Norris wins face-off versus Marco Rossi in neutral zone.
14:37 of 1st period - Wrist shot by Joshua Norris.
14:37 of 1st period - Shot Misses the Net.
14:39 of 1st period - Slapshot by Devon Toews.
14:39 of 1st period - Shot Misses the Net.
14:47 of 1st period - Snap shot by Anders Lee.
14:47 of 1st period - Stopped by Joseph Woll with a rebound.
15:24 of 1st period - Slapshot by Marco Rossi.
15:24 of 1st period - Stopped by Samuel Montembeault with a rebound.
15:32 of 1st period - Snap shot by Nikolaj Ehlers.
15:32 of 1st period - Goal by Nikolaj Ehlers - Quebec Nordiques : 2 - Hartford Whalers : 0.
15:33 of 1st period - Connor McDavid wins face-off versus Joshua Norris in neutral zone.
16:54 of 1st period - Michael Anderson is hit by Kaiden Guhle.
16:55 of 1st period - Icing by Michael Anderson.
16:56 of 1st period - Joshua Norris wins face-off versus Connor McDavid in Quebec Nordiques zone.
17:03 of 1st period - Wrist shot by Anders Lee.
17:03 of 1st period - Stopped by Joseph Woll with a rebound.
17:05 of 1st period - Slapshot by Kaiden Guhle.
17:05 of 1st period - Shot Blocked by Michael Anderson.
17:07 of 1st period - Slapshot by Simon Edvinsson.
17:07 of 1st period - Shot Blocked by Michael Anderson.
17:09 of 1st period - Slapshot by Simon Edvinsson.
17:09 of 1st period - Deflect By Alex DeBrincat.
17:09 of 1st period - Stopped by Joseph Woll with a rebound.
17:11 of 1st period - Wrist shot by Joshua Norris.
17:11 of 1st period - Stopped by Joseph Woll with a rebound.
17:27 of 1st period - Wrist shot by Rickard Rakell.
17:27 of 1st period - Stopped by Samuel Montembeault without a rebound.
17:28 of 1st period - Marco Rossi wins face-off versus Nick Suzuki in Hartford Whalers zone.
17:43 of 1st period - Snap shot by Nikolaj Ehlers.
17:43 of 1st period - Shot Blocked by Braden Schneider.
18:21 of 1st period - Off-side.
18:22 of 1st period - Steven Stamkos wins face-off versus Matthew Coronato in neutral zone.
18:49 of 1st period - Simon Edvinsson is hit by Nikolaj Ehlers and loses puck.
18:56 of 1st period - Snap shot by Matthew Knies.
18:56 of 1st period - Shot Misses the Net.
18:58 of 1st period - Wrist shot by Alexandre Carrier.
18:58 of 1st period - Shot Misses the Net.
19:58 of 1st period - Wrist shot by Connor McDavid.
19:58 of 1st period - Stopped by Samuel Montembeault with a rebound.
Goals for this period are 2 for Quebec Nordiques vs 0 for Hartford Whalers.
Shots for this period are 7 for Quebec Nordiques vs 26 for Hartford Whalers.

2nd period


0:01 of 2nd period - Joshua Norris wins face-off versus Steven Stamkos in neutral zone.
0:47 of 2nd period - Off-side.
0:48 of 2nd period - Sidney Crosby wins face-off versus Marco Rossi in neutral zone.
2:20 of 2nd period - Wrist shot by Shane Pinto.
2:20 of 2nd period - Shot Blocked by Vladislav Gavrikov.
2:22 of 2nd period - Slapshot by Brock Faber.
2:22 of 2nd period - Stopped by Samuel Montembeault with a rebound.
2:24 of 2nd period - Slapshot by Frederick Gaudreau.
2:24 of 2nd period - Shot Misses the Net.
2:26 of 2nd period - Wrist shot by Alex Vlasic.
2:26 of 2nd period - Stopped by Samuel Montembeault without a rebound.
2:27 of 2nd period - Sidney Crosby wins face-off versus Connor McDavid in Hartford Whalers zone.
2:40 of 2nd period - Slapshot by Sidney Crosby.
2:40 of 2nd period - Shot Blocked by Thomas Harley.
3:04 of 2nd period - Wrist shot by Steven Stamkos.
3:04 of 2nd period - Shot Misses the Net.
3:06 of 2nd period - Snap shot by Steven Stamkos.
3:06 of 2nd period - Stopped by Samuel Montembeault with a rebound.
3:40 of 2nd period - Icing by Dylan Guenther.
3:41 of 2nd period - Nick Suzuki wins face-off versus Connor McDavid in Hartford Whalers zone.
3:41 of 2nd period - Nick Suzuki is hit by Connor McDavid.
5:51 of 2nd period - Kaiden Guhle is hit by Steven Stamkos and loses puck.
6:07 of 2nd period - Wrist shot by Rickard Rakell.
6:07 of 2nd period - Stopped by Samuel Montembeault without a rebound.
6:08 of 2nd period - Sidney Crosby wins face-off versus Connor McDavid in Hartford Whalers zone.
6:15 of 2nd period - Slapshot by Pierre-Luc Dubois.
6:15 of 2nd period - Deflect By Sidney Crosby.
6:15 of 2nd period - Stopped by Joseph Woll without a rebound.
6:16 of 2nd period - Connor McDavid wins face-off versus Sidney Crosby in Quebec Nordiques zone.
6:47 of 2nd period - Wrist shot by Connor McDavid.
6:47 of 2nd period - Shot Misses the Net.
6:49 of 2nd period - Slapshot by Michael Anderson.
6:49 of 2nd period - Shot Misses the Net.
7:07 of 2nd period - Snap shot by Matt Duchene.
7:07 of 2nd period - Shot Misses the Net.
7:20 of 2nd period - Icing by Seth Jones.
7:21 of 2nd period - Marco Rossi wins face-off versus Sidney Crosby in Hartford Whalers zone.
7:40 of 2nd period - Alexandre Carrier is hit by Jordan Kyrou and loses puck.
7:47 of 2nd period - Wrist shot by Jordan Kyrou.
7:47 of 2nd period - Shot Misses the Net.
7:54 of 2nd period - Off-side.
7:55 of 2nd period - Anders Lee wins face-off versus Steven Stamkos in neutral zone.
7:58 of 2nd period - Patrick Kane is hit by Anders Lee and loses puck.
8:26 of 2nd period - Snap shot by Shane Pinto.
8:26 of 2nd period - Stopped by Samuel Montembeault with a rebound.
9:20 of 2nd period - Slapshot by Patrick Kane.
9:20 of 2nd period - Shot Misses the Net.
9:22 of 2nd period - Wrist shot by Steven Stamkos.
9:22 of 2nd period - Shot Misses the Net.
9:24 of 2nd period - Slapshot by Alexandre Carrier.
9:24 of 2nd period - Deflect By Patrick Kane.
9:24 of 2nd period - Shot Misses the Net.
9:24 of 2nd period - Puck is out of play.
9:25 of 2nd period - Matthew Coronato wins face-off versus Steven Stamkos in Hartford Whalers zone.
9:25 of 2nd period - Matthew Coronato is hit by Rickard Rakell.
10:03 of 2nd period - Slapshot by Steven Stamkos.
10:03 of 2nd period - Shot Blocked by Braden Schneider.
10:43 of 2nd period - Snap shot by Rickard Rakell.
10:43 of 2nd period - Stopped by Samuel Montembeault with a rebound.
10:49 of 2nd period - Snap shot by Steven Stamkos.
10:49 of 2nd period - Shot Misses the Net.
10:51 of 2nd period - Snap shot by Patrick Kane.
10:51 of 2nd period - Stopped by Samuel Montembeault without a rebound.
10:52 of 2nd period - Anthony Cirelli wins face-off versus Nikolaj Ehlers in Hartford Whalers zone.
11:19 of 2nd period - Thomas Harley is hit by Jordan Kyrou and loses puck.
11:47 of 2nd period - Snap shot by Matthew Coronato.
11:47 of 2nd period - Shot Misses the Net.
11:59 of 2nd period - Minor Penalty to Alex Vlasic for Tripping.
12:00 of 2nd period - Shane Pinto wins face-off versus Sidney Crosby in Quebec Nordiques zone.
12:59 of 2nd period - Slapshot by Sidney Crosby.
12:59 of 2nd period - Deflect By Nick Suzuki.
12:59 of 2nd period - Stopped by Joseph Woll with a rebound.
13:01 of 2nd period - Snap shot by Dylan Guenther.
13:01 of 2nd period - Shot Misses the Net.
13:11 of 2nd period - Wrist shot by Sidney Crosby.
13:11 of 2nd period - Shot Blocked by Shane Pinto.
13:13 of 2nd period - Slapshot by Dylan Guenther.
13:13 of 2nd period - Shot Blocked by Frederick Gaudreau.
13:31 of 2nd period - Slapshot by Dylan Guenther.
13:31 of 2nd period - Shot Blocked by Brock Faber.
13:33 of 2nd period - Slapshot by Dylan Guenther.
13:33 of 2nd period - Shot Blocked by Michael Anderson.
13:35 of 2nd period - Wrist shot by Nick Suzuki.
13:35 of 2nd period - Stopped by Joseph Woll with a rebound.
13:37 of 2nd period - Wrist shot by Nick Suzuki.
13:37 of 2nd period - Goal by Nick Suzuki - Quebec Nordiques : 2 - Hartford Whalers : 1.
13:38 of 2nd period - Marco Rossi wins face-off versus Joshua Norris in neutral zone.
13:43 of 2nd period - Snap shot by Thomas Harley.
13:43 of 2nd period - Shot Blocked by Anders Lee.
14:11 of 2nd period - Slapshot by Jonathan Drouin.
14:11 of 2nd period - Shot Blocked by Alex DeBrincat.
14:13 of 2nd period - Wrist shot by Jonathan Drouin.
14:13 of 2nd period - Deflect By Kaapo Kakko.
14:13 of 2nd period - Stopped by Joseph Woll without a rebound.
14:14 of 2nd period - Joshua Norris wins face-off versus Connor McDavid in Quebec Nordiques zone.
14:23 of 2nd period - Snap shot by Joshua Norris.
14:23 of 2nd period - Stopped by Joseph Woll without a rebound.
14:24 of 2nd period - Joshua Norris wins face-off versus Matt Duchene in Quebec Nordiques zone.
14:33 of 2nd period - Snap shot by Joshua Norris.
14:33 of 2nd period - Shot Misses the Net.
15:19 of 2nd period - Snap shot by Joshua Norris.
15:19 of 2nd period - Goal by Joshua Norris - Quebec Nordiques : 2 - Hartford Whalers : 2.
15:20 of 2nd period - Marco Rossi wins face-off versus Nick Suzuki in neutral zone.
15:25 of 2nd period - Snap shot by Nikolaj Ehlers.
15:25 of 2nd period - Stopped by Samuel Montembeault with a rebound.
15:29 of 2nd period - Snap shot by Matthew Knies.
15:29 of 2nd period - Stopped by Samuel Montembeault with a rebound.
15:31 of 2nd period - Snap shot by Marco Rossi.
15:31 of 2nd period - Stopped by Samuel Montembeault without a rebound.
15:32 of 2nd period - Matthew Knies wins face-off versus Sidney Crosby in Hartford Whalers zone.
15:43 of 2nd period - Slapshot by Matthew Knies.
15:43 of 2nd period - Shot Misses the Net.
16:22 of 2nd period - Snap shot by Matt Duchene.
16:22 of 2nd period - Deflect By Connor McDavid.
16:22 of 2nd period - Shot Misses the Net.
16:22 of 2nd period - Puck is out of play.
16:23 of 2nd period - Matt Duchene wins face-off versus Joshua Norris in Hartford Whalers zone.
16:26 of 2nd period - Snap shot by Alex DeBrincat.
16:26 of 2nd period - Stopped by Samuel Montembeault without a rebound.
16:27 of 2nd period - Sidney Crosby wins face-off versus Marco Rossi in Hartford Whalers zone.
17:22 of 2nd period - Wrist shot by Matthew Coronato.
17:22 of 2nd period - Stopped by Joseph Woll with a rebound.
17:24 of 2nd period - Slapshot by Kaapo Kakko.
17:24 of 2nd period - Shot Misses the Net.
17:45 of 2nd period - Snap shot by Frederick Gaudreau.
17:45 of 2nd period - Shot Misses the Net.
17:49 of 2nd period - Wrist shot by Frederick Gaudreau.
17:49 of 2nd period - Shot Misses the Net.
Goals for this period are 0 for Quebec Nordiques vs 2 for Hartford Whalers.
Shots for this period are 11 for Quebec Nordiques vs 8 for Hartford Whalers.

3rd period


0:01 of 3rd period - Sidney Crosby wins face-off versus Marco Rossi in neutral zone.
0:10 of 3rd period - Slapshot by Pierre-Luc Dubois.
0:10 of 3rd period - Stopped by Joseph Woll with a rebound.
0:26 of 3rd period - Dylan Guenther is hit by Connor McDavid and loses puck.
0:33 of 3rd period - Wrist shot by Connor McDavid.
0:33 of 3rd period - Shot Blocked by Nick Suzuki.
0:48 of 3rd period - Snap shot by Shane Pinto.
0:48 of 3rd period - Shot Blocked by Tyson Foerster.
0:50 of 3rd period - Backhand shot by Michael McCarron.
0:50 of 3rd period - Deflect By Anders Lee.
0:50 of 3rd period - Shot Misses the Net.
0:50 of 3rd period - Puck is out of play.
0:51 of 3rd period - Shane Pinto wins face-off versus Anders Lee in Hartford Whalers zone.
2:49 of 3rd period - Snap shot by Simon Edvinsson.
2:49 of 3rd period - Shot Misses the Net.
3:11 of 3rd period - Wrist shot by Patrick Kane.
3:11 of 3rd period - Deflect By Steven Stamkos.
3:11 of 3rd period - Shot Blocked by Dylan Guenther.
3:11 of 3rd period - Puck is out of play.
3:12 of 3rd period - Sidney Crosby wins face-off versus Connor McDavid in Hartford Whalers zone.
3:12 of 3rd period - Sidney Crosby is hit by Matt Duchene.
3:40 of 3rd period - Icing by Marco Rossi.
3:41 of 3rd period - Marco Rossi wins face-off versus Nick Suzuki in Quebec Nordiques zone.
3:54 of 3rd period - Slapshot by Dylan Guenther.
3:54 of 3rd period - Shot Misses the Net.
4:28 of 3rd period - Icing by Braden Schneider.
4:29 of 3rd period - Steven Stamkos wins face-off versus Nick Suzuki in Hartford Whalers zone.
4:34 of 3rd period - Snap shot by Patrick Kane.
4:34 of 3rd period - Shot Blocked by Dylan Guenther.
4:36 of 3rd period - Slapshot by Michael Anderson.
4:36 of 3rd period - Stopped by Samuel Montembeault with a rebound.
4:38 of 3rd period - Slapshot by Thomas Harley.
4:38 of 3rd period - Shot Blocked by Dylan Guenther.
4:40 of 3rd period - Snap shot by Patrick Kane.
4:40 of 3rd period - Shot Misses the Net.
5:21 of 3rd period - Matt Duchene is hit by Pierre-Luc Dubois and loses puck.
5:50 of 3rd period - Brock Faber is hit by Joshua Norris.
6:22 of 3rd period - Snap shot by Marco Rossi.
6:22 of 3rd period - Shot Misses the Net.
6:24 of 3rd period - Slapshot by Alexandre Carrier.
6:24 of 3rd period - Deflect By Michael McCarron.
6:24 of 3rd period - Stopped by Samuel Montembeault with a rebound.
6:26 of 3rd period - Slapshot by Jake Middleton.
6:26 of 3rd period - Shot Misses the Net.
6:28 of 3rd period - Snap shot by Michael McCarron.
6:28 of 3rd period - Shot Blocked by Kaiden Guhle.
6:30 of 3rd period - Wrist shot by Shane Pinto.
6:30 of 3rd period - Shot Blocked by Sidney Crosby.
6:32 of 3rd period - Snap shot by Jake Middleton.
6:32 of 3rd period - Deflect By Frederick Gaudreau.
6:32 of 3rd period - Stopped by Samuel Montembeault without a rebound.
6:33 of 3rd period - Connor McDavid wins face-off versus Joshua Norris in Hartford Whalers zone.
7:25 of 3rd period - Minor Penalty to Matthew Coronato for Holding.
7:26 of 3rd period - Joshua Norris wins face-off versus Connor McDavid in Hartford Whalers zone.
7:38 of 3rd period - Backhand shot by Patrick Kane.
7:38 of 3rd period - Deflect By Nick Suzuki.
7:38 of 3rd period - Stopped by Samuel Montembeault without a rebound.
7:39 of 3rd period - Connor McDavid wins face-off versus Joshua Norris in Hartford Whalers zone.
9:25 of 3rd period - Penalty to Matthew Coronato is over, Matthew Coronato is back on ice.
9:33 of 3rd period - Wrist shot by Frederick Gaudreau.
9:33 of 3rd period - Deflect By Michael McCarron.
9:33 of 3rd period - Stopped by Samuel Montembeault with a rebound.
9:35 of 3rd period - Slapshot by Jake Middleton.
9:35 of 3rd period - Stopped by Samuel Montembeault without a rebound.
9:36 of 3rd period - Sidney Crosby wins face-off versus Shane Pinto in Hartford Whalers zone.
9:36 of 3rd period - Sidney Crosby is hit by Michael McCarron.
10:10 of 3rd period - Snap shot by Matthew Coronato.
10:10 of 3rd period - Goal by Matthew Coronato - Quebec Nordiques : 2 - Hartford Whalers : 3.
10:11 of 3rd period - Connor McDavid wins face-off versus Joshua Norris in neutral zone.
10:14 of 3rd period - Joshua Norris is hit by Alex Vlasic and loses puck.
12:56 of 3rd period - Wrist shot by Frederick Gaudreau.
12:56 of 3rd period - Stopped by Samuel Montembeault with a rebound.
13:18 of 3rd period - Braden Schneider is hit by Brock Faber and loses puck.
14:10 of 3rd period - Slapshot by Pierre-Luc Dubois.
14:10 of 3rd period - Stopped by Joseph Woll with a rebound.
14:12 of 3rd period - Snap shot by Vladislav Gavrikov.
14:12 of 3rd period - Shot Hit the Post.
14:14 of 3rd period - Slapshot by Vladislav Gavrikov.
14:14 of 3rd period - Deflect By Jake Middleton.
14:14 of 3rd period - Stopped by Joseph Woll with a rebound.
16:06 of 3rd period - Wrist shot by Patrick Kane.
16:06 of 3rd period - Stopped by Samuel Montembeault without a rebound.
16:07 of 3rd period - Joshua Norris wins face-off versus Steven Stamkos in Hartford Whalers zone.
16:14 of 3rd period - Snap shot by Anders Lee.
16:14 of 3rd period - Deflect By Patrick Kane.
16:14 of 3rd period - Shot Blocked by Brock Faber.
16:14 of 3rd period - Puck is out of play.
16:15 of 3rd period - Joshua Norris wins face-off versus Marco Rossi in Quebec Nordiques zone.
16:18 of 3rd period - Snap shot by Joshua Norris.
16:18 of 3rd period - Shot Hit the Post.
16:23 of 3rd period - Icing by Nikolaj Ehlers.
16:24 of 3rd period - Tyson Foerster wins face-off versus Marco Rossi in Quebec Nordiques zone.
16:27 of 3rd period - Wrist shot by Joshua Norris.
16:27 of 3rd period - Stopped by Joseph Woll with a rebound.
16:29 of 3rd period - Slapshot by Braden Schneider.
16:29 of 3rd period - Shot Misses the Net.
16:31 of 3rd period - Wrist shot by Tyson Foerster.
16:31 of 3rd period - Deflect By Anders Lee.
16:31 of 3rd period - Shot Blocked by Nikolaj Ehlers.
16:31 of 3rd period - Puck is out of play.
16:32 of 3rd period - Marco Rossi wins face-off versus Joshua Norris in Quebec Nordiques zone.
16:47 of 3rd period - Anders Lee is hit by Alex Vlasic and loses puck.
17:26 of 3rd period - Snap shot by Sidney Crosby.
17:26 of 3rd period - Stopped by Joseph Woll without a rebound.
17:27 of 3rd period - Marco Rossi wins face-off versus Sidney Crosby in Quebec Nordiques zone.
17:53 of 3rd period - Rickard Rakell is hit by Joshua Norris and loses puck.
18:02 of 3rd period - Wrist shot by Alexandre Carrier.
18:02 of 3rd period - Stopped by Samuel Montembeault with a rebound.
19:32 of 3rd period - Wrist shot by Joshua Norris.
19:32 of 3rd period - Deflect By Anders Lee.
19:32 of 3rd period - Shot Blocked by Michael Anderson.
19:32 of 3rd period - Puck is out of play.
19:33 of 3rd period - Patrick Roy call a timeout for Quebec Nordiques.
19:33 of 3rd period - Joshua Norris wins face-off versus Connor McDavid in Quebec Nordiques zone.
19:36 of 3rd period - Snap shot by Anders Lee.
19:36 of 3rd period - Deflect By Alex DeBrincat.
19:36 of 3rd period - Shot Misses the Net.
19:36 of 3rd period - Puck is out of play.
19:37 of 3rd period - Connor McDavid wins face-off versus Joshua Norris in Quebec Nordiques zone.
19:42 of 3rd period - Quebec Nordiques, Joseph Woll is pulled from the net.
19:42 of 3rd period - Wrist shot by Connor McDavid.
19:42 of 3rd period - Shot Misses the Net.
19:56 of 3rd period - Snap shot by Joshua Norris.
19:56 of 3rd period - Deflect By Anders Lee.
19:56 of 3rd period - Goal by Anders Lee - Quebec Nordiques : 2 - Hartford Whalers : 4.
19:56 of 3rd period - Joseph Woll from Quebec Nordiques was sent back in the game.
19:57 of 3rd period - Marco Rossi wins face-off versus Nick Suzuki in neutral zone.
19:59 of 3rd period - Minor Penalty to Brock Faber for High sticking.
Goals for this period are 0 for Quebec Nordiques vs 2 for Hartford Whalers.
Shots for this period are 9 for Quebec Nordiques vs 7 for Hartford Whalers.
Goals for this period are 0 for Quebec Nordiques vs 2 for Hartford Whalers.
Shots for this period are 9 for Quebec Nordiques vs 7 for Hartford Whalers.